 Dungeon Crawl Stone Soup version 0.22.1-2-g9c5b331383 (webtiles) character file.

1883 Peloso the Carver (level 8, -6/73 HPs)
             Began as a Minotaur Fighter on Dec 31, 2018.
             Mangled by an orc warrior
             ... wielding a +0 halberd
              (15 damage)
             ... on level 7 of the Dungeon.
             The game lasted 00:11:05 (5709 turns).

Peloso the Carver (Minotaur Fighter)                Turns: 5709, Time: 00:11:06

Health: -6/73      AC: 11    Str: 21    XL:     8   Next: 92%
Magic:  7/7        EV:  7    Int:  5    God:
Gold:   402        SH: 10    Dex: 12    Spells: 7/7 levels left

rFire    . . .     SeeInvis .   a - +0 long sword
rCold    . . .     Gourm    .   c - +0 shield
rNeg     . . .     Faith    .   v - +0 chain mail
rPois    .         Spirit   .   (helmet restricted)
rElec    .         Reflect  .   (no cloak)
rCorr    .         Harm     .   g - +0 pair of gloves
MR       .....                  (no boots)
Stlth    ..........             (no amulet)
HPRegen  0.22/turn              (no ring)
MPRegen  0.10/turn              (no ring)

@: no status effects
A: retaliatory headbutt, horns 2
a: no special abilities


You were on level 7 of the Dungeon.
You were hungry.

You visited 2 branches of the dungeon, and saw 8 of its levels.
You also visited: Ossuary.

You collected 402 gold pieces.

Inventory:

Hand Weapons
 a - a +0 long sword (weapon)
Armour
 b - a +0 scale mail
 c - a +0 shield (worn)
 g - a +0 pair of gloves (worn)
 v - a +0 chain mail (worn)
Jewellery
 r - an uncursed amulet of harm
Wands
 p - a wand of digging (12)
 w - a wand of polymorph (13)
 y - a wand of random effects (29)
Scrolls
 h - a scroll of magic mapping
 i - 7 scrolls of identify {unknown}
 j - 5 scrolls of teleportation {unknown}
 k - 2 scrolls of enchant armour {unknown}
 l - 2 scrolls of enchant weapon {unknown}
 q - 5 scrolls of remove curse {unknown}
 u - a scroll of immolation {unknown}
 x - a scroll of fear {unknown}
 A - a scroll of silence {unknown}
Potions
 d - 3 potions of heal wounds {unknown}
 e - 2 potions of curing
 m - 2 potions of haste {unknown}
 n - 3 potions of brilliance {unknown}
 o - 5 potions of cancellation {unknown}
 s - a potion of lignification {unknown}
 t - 3 potions of magic {unknown}
 z - 2 potions of ambrosia {unknown}
 B - 2 potions of degeneration {unknown}
 C - a potion of flight {unknown}
Comestibles
 f - 11 rations


   Skills:
 + Level 7.0 Fighting
 + Level 8.8 Long Blades
 + Level 7.0 Armour
 + Level 2.9 Dodging
 + Level 0.4 Stealth
 + Level 6.8 Shields


You had 7 spell levels left.
You didn't know any spells.
Your spell library contained the following spells:

 Spells                   Type           Power        Failure   Level  Hunger
 Corona                   Hex            #......      100%        1    ##.....
 Ensorcelled Hibernation  Hex/Ice        #.....       100%        2    ###....
 Confuse                  Hex            #.......     100%        3    ####...
 Dazzling Spray           Conj/Hex       #.....       100%        3    ####...
 Tukima's Dance           Hex            #.......     100%        3    ####...


Dungeon Overview and Level Annotations

Branches:
Dungeon (7/15)             Temple (1/1) D:4

Altars:
Ashenzari
Cheibriados
Dithmenos
Elyvilon
Gozag
Hepliaklqana
Kikubaaqudgha
Makhleb
Nemelex Xobeh
Qazlal
Ru
Sif Muna
Trog
Uskayaw
Vehumet
Wu Jian
Xom
Yredelemnul
Zin
The Shining One

Annotations:
D:6 1 runed door, Pocketmage's ghost, novice CeAM


Innate Abilities, Weirdness & Mutations

You reflexively headbutt those who attack you in melee.
You have a pair of horns on your head.


Message History

You block the orc priest's attack.
Unknown command.
Your shield and chain mail prevent you from hitting the orc priest.
The orc priest is moderately wounded.
The orc warrior hits you but does no damage.
An orc comes into view. It is wielding a club.
The orc priest calls down the wrath of Beogh upon you.
Beogh smites you!
* * * LOW HITPOINT WARNING * * *
The orc priest invokes the aid of Beogh against you.
Beogh smites you!
* * * LOW HITPOINT WARNING * * *
The orc shouts!
You hit the orc priest.
The orc priest is severely wounded.
You block the orc warrior's attack. You block the orc priest's attack.
Unknown command.
You feel better.
The crimson imp blinks!
The orc warrior hits you from afar with a halberd!
You die...

..# # ... #..#.. # ..#
..... # #.# .... ##
#.###### ... .♣ .#
#..[...# Jo ♣.♣
.#######.####.# §#..♣.♣
.........####.###oooF.♣
.#######.#......@# .#
#.#.##.##†# ##
#......##.# ###.#####..
#.# ##.. .#. ... # ##
.... .#.#.


You could see an orc warrior, a bullfrog, a jelly and 3 orc priests.

Vanquished Creatures
  Sigmund (D:2)
  A necrophage (D:5)
  An ogre (D:6)
  An orc warrior (D:7)
  2 centaurs (D:5)
  2 elf zombies (Ossuary)
  A howler monkey (D:6)
  2 crimson imps (D:6)
  3 centaur zombies (Ossuary)
  A hound (D:6)
  6 orc priests
  A human zombie (Ossuary)
  3 orc wizards
  A bullfrog skeleton (D:7)
  An iguana (D:4)
  Ijyb (D:5)
  5 worker ants
  3 big kobold zombies (Ossuary)
  2 hound zombies (Ossuary)
  3 mummies (Ossuary)
  A howler monkey skeleton (D:4)
  10 adders
  8 gnolls
  A shadow imp (D:5)
  2 oozes
  3 adder zombies (Ossuary)
  An adder skeleton (D:4)
  2 worms
  A dart slug (D:1)
  2 leopard geckos
  10 orcs
  7 giant cockroaches
  8 goblins
  8 hobgoblins
  6 jackals
  8 kobolds
  3 quokkas
  2 ball pythons
  12 bats
  6 frilled lizards
  3 goblin zombies (Ossuary)
  4 hobgoblin zombies (Ossuary)
  A jackal skeleton (D:5)
  4 jackal zombies (Ossuary)
  6 kobold zombies (Ossuary)
  A leopard gecko skeleton (D:5)
  A leopard gecko zombie (D:5)
  2 quokka zombies (Ossuary)
  8 rats
  3 rat zombies (Ossuary)
175 creatures vanquished.

Vanquished Creatures (others)
  5 toadstools (D:1)
5 creatures vanquished.

Grand Total: 180 creatures vanquished

Notes
Turn   | Place    | Note
-------+----------+-------------------------------------------
     0 | D:1      | Peloso the Minotaur Fighter began the quest for the Orb.
     0 | D:1      | Reached XP level 1. HP: 19/19 MP: 0/0
    30 | D:1      | Reached XP level 2. HP: 22/27 MP: 1/1
   398 | D:1      | Reached XP level 3. HP: 33/33 MP: 2/2
   738 | D:2      | Noticed Sigmund
   758 | D:2      | Killed Sigmund
   758 | D:2      | Reached skill level 3 in Long Blades
   758 | D:2      | Reached XP level 4. HP: 12/41 MP: 3/3
   758 | D:2      | Reached XP level 5. HP: 14/47 MP: 4/4
  1038 | D:2      | Reached skill level 4 in Long Blades
  1377 | D:3      | Reached XP level 6. HP: 50/53 MP: 5/5
  1417 | D:3      | Reached skill level 5 in Shields
  1816 | D:3      | Reached skill level 5 in Armour
  2075 | D:4      | Found a staircase to the Ecumenical Temple.
  2089 | Temple   | Entered the Ecumenical Temple
  2787 | D:4      | Reached skill level 5 in Fighting
  3024 | D:4      | Reached skill level 5 in Long Blades
  3146 | D:4      | Found a hazy altar of Hepliaklqana.
  3217 | D:5      | Entered Level 5 of the Dungeon
  3227 | D:5      | Reached XP level 7. HP: 36/61 MP: 6/6
  3274 | D:5      | Noticed Ijyb
  3280 | D:5      | Killed Ijyb
  3633 | D:5      | Reached skill level 6 in Long Blades
  4366 | D:6      | Reached skill level 7 in Long Blades
  4421 | D:6      | Found a basalt altar of Yredelemnul.
  4424 | D:6      | Found a bloodstained altar of Trog.
  4426 | D:6      | Found a sparkling altar of Nemelex Xobeh.
  4434 | D:6      | Reached XP level 8. HP: 63/66 MP: 7/7
  4646 | D:6      | Found a sand-covered staircase.
  4653 | Ossuary  | Entered an ossuary
  4898 | Ossuary  | Reached skill level 8 in Long Blades
  5364 | D:6      | Found a runed door.
  5366 | D:6      | Noticed Pocketmage's ghost (novice CeAM)
  5709 | D:7      | Mangled by an orc warrior

Skill      XL: |  1  2  3  4  5  6  7  8 |
---------------+-------------------------+-----
Fighting       | 4 5 7 |  7.0
Shields        | 4 5 6 |  6.8
Long Blades    | 3 4 5 7 8 |  8.8
Armour         | 4 5 6 7 |  7.0
Dodging        | 2 |  2.9
Stealth        | |  0.4

Action                   |  1- 3 |  4- 6 |  7- 9 || total
-------------------------+-------+-------+-------++-------
Melee: Long sword        |    75 |   127 |   299 ||   501
       Headbutt          |    12 |    20 |    68 ||   100
Evoke: Wand              |       |       |     2 ||     2
  Use: Potion            |     2 |       |     1 ||     3
       Scroll            |       |       |     1 ||     1
  Eat: Chunk             |       |     8 |     4 ||    12
       Ration            |       |       |     1 ||     1
Armor: Scale mail        |    38 |    48 |       ||    86
       Chain mail        |       |    11 |   120 ||   131
Dodge: Dodged            |    15 |    46 |    67 ||   128
Block: Shield            |    47 |    56 |   154 ||   257
       Rpst.: Long sword |     3 |     8 |    14 ||    25
